 Dungeon Sprint DCSS version 0.31.0-12-g77e489cdc1 (webtiles) character file.

Game seed: 17510295912315496183

101 Heoruswealwe the Spear-Bearer (level 4, -9/45 HPs)
             Began as a Minotaur Fighter on Feb 23, 2024.
             Was an Initiate of Gozag.
             Mangled by a two-headed ogre
             ... wielding a +0 giant club
              (17 damage)
             ... in the Dungeon (Sprint IX: "|||||||||||||||||||||||||||||").
             The game lasted 00:01:46 (134 turns).

Heoruswealwe the Spear-Bearer (Minotaur Fighter)     Turns: 134, Time: 00:01:48

Health: -9/45      AC: 10    Str: 22    XL:     4   Next: 48%
Magic:  3/3        EV: 11    Int:  5    God:    Gozag
Gold:   0          SH:  0    Dex: 10    Spells: 3/3 levels left

rFire   . . .        b - +2 halberd (flame)
rCold   . . .        (shield currently unavailable)
rNeg    . . .        c - +1 scale mail
rPois   .            (helmet restricted)
rElec   .            h - +0 cloak
rCorr   .            (no gloves)
SInv    .            (no boots)
Will    .....        (no amulet) Stlth
                     k - +2 ring of evasion
HPRegen 0.27/turn    (no ring)
MPRegen 0.08/turn

%: no teleportation
@: no status effects
A: horns 2, retaliatory headbutt
a: Renounce Religion, Potion Petition, Call Merchant, Bribe Branch


You were in the Dungeon.
You worshipped Gozag.
Gozag was noncommittal.
You visited 1 branch

Inventory:

Hand Weapons
 a - a +0 trident of venom
 b - a +2 halberd of flaming (weapon)
Armour
 c - a +1 scale mail (worn)
 d - a +0 buckler
 h - a +0 cloak (worn)
Jewellery
 k - a +2 ring of evasion (left hand)
Wands
 l - a wand of quicksilver (10)
Scrolls
 j - 2 scrolls of blinking
Potions
 e - 5 potions of curing
 f - 3 potions of heal wounds
 g - a potion of haste
 i - a potion of berserk rage
 m - a potion of might


   Skills:
 + Level 6.4 Fighting
 * Level 8.0 Polearms
 + Level 6.4 Armour
 - Level 3.6 Shields


You had 3 spell levels left.
You didn't know any spells.
Your spell library was empty.

Dungeon Overview and Level Annotations

Branches:
Dungeon (1/1)

Altars:
Cheibriados
Dithmenos
Elyvilon
Fedhas
Gozag
Hepliaklqana
Kikubaaqudgha
Makhleb
Nemelex Xobeh
Okawaru
Qazlal
Ru
Sif Muna
Trog
Uskayaw
Vehumet
Wu Jian
Xom
Yredelemnul
Zin
The Shining One
Jiyva
Lugonu


Innate Abilities, Weirdness & Mutations

You have a pair of horns on your head.
You reflexively headbutt those who attack you in melee.


Message History

You continue taking off your +0 scale mail. x4
You finish taking off your +0 scale mail.
You drop a +0 scale mail.
You see here a +0 helmet.
You see here a +0 cloak.
You see here a +1 scale mail.
You start putting on your armour.
You continue putting on your +1 scale mail. x4
You finish putting on your +1 scale mail.
You see here a +0 cloak.
You start putting on your armour.
You continue putting on your +0 cloak. x4
You finish putting on your +0 cloak.
Adjust (i)tems, (s)pells, or (a)bilities?
l - a +0 cloak (worn)
Adjust to which letter? (? for menu, Esc to quit)
h - a +0 cloak (worn);
l - a wand of quicksilver (10)
m - a +3 ring of dexterity You drop a +3 ring of dexterity.
You see here a +2 ring of evasion.
m - a +2 ring of evasion (left hand) Adjust (i)tems, (s)pells, or (a)bilities?
m - a +2 ring of evasion (left hand) Adjust to which letter? (? for menu, Esc to quit)
k - a +2 ring of evasion (left hand);
m - a potion of might As you open the door, it creaks loudly!
A two-headed ogre, a centaur, a troll, a wyvern, a yak and a vampire mosquito come into view.
The two-headed ogre shouts in stereo!
The centaur shouts!
The troll shouts!
The wyvern hisses angrily.
The vampire mosquito buzzes angrily.
You hit the two-headed ogre. You burn the two-headed ogre.
The two-headed ogre is lightly wounded.
The two-headed ogre hits you with a +0 giant club!
The two-headed ogre barely misses you.
You puncture the two-headed ogre! You burn the two-headed ogre.
The two-headed ogre is moderately wounded.
The two-headed ogre hits you with a +0 giant club!!
Ouch! That really hurt!
* * * LOW HITPOINT WARNING * * *
The two-headed ogre hits you with a +0 giant club!
You die...
Your body crumbles into a pile of gold. ▓▓▓▓▓▓▓▓▓▓▓▓▓▓▓▓▓▓▓▓▓▓▓▓ _______'!?)[[=..@OTck.Yy ▓▓▓▓▓▓▓▓▓▓▓▓▓▓▓▓▓▓▓▓▓▓▓▓

You could see a two-headed ogre, a yak, a troll, a wyvern, a vampire mosquito and a centaur.

Vanquished Creatures
  A scorpion (D)
  A jelly (D)
  A dart slug (D)
  2 orcs (D)
  A goblin (D)
  2 quokkas (D)
  A ball python (D)
  A kobold (D)
10 creatures vanquished.

Notes
Turn   | Place    | Note
-------+----------+-------------------------------------------
     0 | D        | Heoruswealwe the Minotaur Fighter began the quest for the
                  | Orb.
     0 | D        | Reached XP level 1. HP: 19/19 MP: 0/0
     7 | D        | Reached skill level 3 in Polearms
    18 | D        | Reached skill level 4 in Polearms
    33 | D        | Noticed a jelly
    33 | D        | Noticed a scorpion
    36 | D        | Killed a jelly
    37 | D        | Reached skill level 5 in Fighting
    37 | D        | Reached skill level 5 in Polearms
    37 | D        | Reached skill level 5 in Armour
    37 | D        | Reached XP level 2. HP: 21/29 MP: 1/1
    37 | D        | Reached XP level 3. HP: 27/36 MP: 2/2
    42 | D        | Killed a scorpion
    43 | D        | Reached skill level 7 in Polearms
    43 | D        | Reached XP level 4. HP: 35/45 MP: 3/3
    48 | D        | Reached skill level 8 in Polearms
    58 | D        | Found a snail-covered altar of Cheibriados.
    58 | D        | Found a shadowy altar of Dithmenos.
    58 | D        | Found a white marble altar of Elyvilon.
    58 | D        | Found a blossoming altar of Fedhas.
    58 | D        | Found an opulent altar of Gozag.
    59 | D        | Found a hazy altar of Hepliaklqana.
    60 | D        | Found a viscous altar of Jiyva.
    61 | D        | Found an ancient bone altar of Kikubaaqudgha.
    62 | D        | Found a corrupted altar of Lugonu.
    63 | D        | Found a burning altar of Makhleb.
    64 | D        | Found a sparkling altar of Nemelex Xobeh.
    65 | D        | Found an iron altar of Okawaru.
    66 | D        | Became a worshipper of Gozag Ym Sagoz the Greedy
    67 | D        | Found a stormy altar of Qazlal.
    68 | D        | Found a sacrificial altar of Ru.
    69 | D        | Found a shimmering blue altar of Sif Muna.
    70 | D        | Found a bloodstained altar of Trog.
    71 | D        | Found a hide-covered altar of Uskayaw.
    72 | D        | Found a radiant altar of Vehumet.
    73 | D        | Found an ornate altar of the Wu Jian Council.
    74 | D        | Found a shimmering altar of Xom.
    75 | D        | Found a basalt altar of Yredelemnul.
    76 | D        | Found a glowing silver altar of Zin.
    77 | D        | Found a glowing golden altar of the Shining One.
   132 | D        | Noticed a two-headed ogre
   132 | D        | Noticed a centaur
   132 | D        | Noticed a troll
   132 | D        | Noticed a wyvern
   132 | D        | Noticed a yak
   132 | D        | Noticed a vampire mosquito
   134 | D        | Mangled by a two-headed ogre

Illustrated notes

Levels and vault maps discovered:
D:        linesprint [early_d, line_temple, items_1, d_10, items_2, lair_1,
          lair_end, items_3, orc_1, orc_end, items_4, d_15, swamp_1, shoals_1,
          snake_1, spider_1, d_20, vaults_1, items_5, swamp_end, shoals_end,
          snake_end, spider_end, vaults_end, d_27, items_6, zot_1, zot_end,
          crypt_end, forest_end, elf_end, slime_end, tomb_end, abyss_end,
          pan_hell_end]

Skill      XL: |  1  2  3  4 |
---------------+-------------+-----
Fighting       | 5 6 |  6.4
Polearms       | 5 7 8 |  8.0
Armour         | 5 6 |  6.4
Shields        | |  3.6

Action                     |  1- 3 |  4- 6 || total
---------------------------+-------+-------++-------
  Melee: Trident           |    22 |     4 ||    26
         Headbutt          |     4 |     1 ||     5
         Halberd           |       |     2 ||     2
 Armour: Scale mail        |     7 |     3 ||    10
  Dodge: Dodged            |    11 |     3 ||    14
  Block: Buckler           |     2 |       ||     2
